 Dungeon Crawl Stone Soup version 0.28.0 (webtiles) character file.

Game seed: 7418847594281519154

288 bromine the Ruffian (level 6, -5/61 HPs)
             Began as a Troll Berserker on Feb 8, 2022.
             Was a Believer of Trog.
             Slain by Pikel (15 damage)
             ... on level 4 of the Dungeon.
             The game lasted 00:13:44 (2414 turns).

bromine the Ruffian (Troll Berserker)               Turns: 2414, Time: 00:13:44

Health: -5/61      AC:  4    Str: 28    XL:     6   Next: 9%
Magic:  5/5        EV: 10    Int:  3    God:    Trog [**....]
Gold:   123        SH:  0    Dex:  9    Spells: 5/5 levels left

rFire   . . .      SeeInvis .   n - +0 war axe
rCold   . . .      Faith    .   (no shield)
rNeg    . . .      Spirit   .   a - +0 animal skin
rPois   .          Reflect  .   (helmet restricted)
rElec   .          Harm     .   (no cloak)
rCorr   .          Rampage  .   (gloves unavailable)
Will    .....                   (boots unavailable)
Stlth   +.........              (no amulet)
HPRegen 1.00/turn               (no ring)
MPRegen 0.09/turn               (no ring)

@: no status effects
A: large, unfitting armour, claws 3, regeneration 1, shaggy fur 1, tough skin 1
a: Renounce Religion, Berserk, Trog's Hand


You were on level 4 of the Dungeon.
You worshipped Trog.
Trog was pleased with you.
You visited 1 branch of the dungeon, and saw 4 of its levels.

You collected 123 gold pieces.

Inventory:

Hand Weapons
 l - a +0 flail
 n - a +0 war axe (weapon)
 q - a +0 hunting sling
Missiles
 t - 26 stones (quivered)
 w - a throwing net
Armour
 a - a +0 animal skin (worn)
 g - a +0 scale mail
 h - a +0 ring mail
 m - a +0 leather armour
 p - a +0 plate armour
 r - a +0 pair of boots
Jewellery
 v - an amulet of the acrobat
Scrolls
 b - 4 scrolls of identify {unknown}
 c - 3 scrolls of teleportation {unknown}
 d - a scroll of blinking {unknown}
 e - a scroll of immolation {unknown}
 f - 2 scrolls of vulnerability {unknown}
 o - a scroll of enchant weapon {unknown}
Potions
 i - a potion of flight {unknown}
 j - a potion of attraction {unknown}
 k - a potion of mutation {unknown}
 s - a potion of brilliance {unknown}
 u - a potion of haste {unknown}


   Skills:
 + Level 3.2 Fighting
 + Level 2.4 Axes
 + Level 3.4 Dodging
 + Level 0.1 Stealth
 + Level 4.4 Unarmed Combat


You had 5 spell levels left.
You didn't know any spells.
Your spell library contained the following spells:

 Spells                   Type           Power      Damage    Failure   Level
 Tukima's Dance           Hex            0%         N/A       88%         3
 Anguish                  Hex/Necr       0%         N/A       99%         4
 Enfeeble                 Hex            0%         N/A       100%        7


Dungeon Overview and Level Annotations

Branches:
Dungeon (4/15)
 Temple: D:4-7

Altars:
Uskayaw
Beogh

Annotations:
D:3 3 runed translucent doors, tizbic2's ghost, amateur HOWn
D:4 Pikel


Innate Abilities, Weirdness & Mutations

You are too large for most types of armour.
You have claws for hands.
Your natural rate of healing is unusually fast.
You are covered in fur. (AC +1)
You have tough skin. (AC +1)


Message History

You see here a +0 spear.
Found a hide-covered altar of Uskayaw.
There is a hide-covered altar of Uskayaw here.
You enter the shallow water.
Moving in this stuff is going to be slow.
You enter the shallow water.
Moving in this stuff is going to be slow.
Found a stone staircase leading down.
A lemure comes into view.
The lemure shouts!
You hear a shout! x4
There is a stone staircase leading down here.
You completely miss the lemure. The lemure barely misses you.
You slash the lemure!
The lemure is moderately wounded.
The lemure hits you but does no damage.
Pikel, Merchant of Souls comes into view.
He is wielding a +1 whip of electrocution and carrying a wand of mindburst (11).
The lemure hits you.
You hit the lemure. Your claw misses the lemure.
The lemure is moderately wounded.
The lemure hits you.
You closely miss the lemure.
The lemure is moderately wounded.
You hit Pikel but do no damage.
Pikel hits you with a +1 whip of electrocution.
The lemure hits you!
You slash Pikel! You claw Pikel, but do no damage.
Pikel is moderately wounded.
You barely miss the lemure.
Pikel hits you with a +1 whip of electrocution.
You are electrocuted!
The lemure hits you.
You closely miss Pikel.
Pikel is moderately wounded.
You closely miss the lemure.
Pikel hits you with a +1 whip of electrocution.
You are electrocuted!
The lemure hits you but does no damage.
Pikel says, "You'll make a fine lemure."
Pikel hits you with a +1 whip of electrocution!
* * * LOW HITPOINT WARNING * * *
You are electrocuted!
You die...

##### ######## #...
.......##
######.######.......
#..K@>...........#.#
#..5...####...##.#.#
#.###### #.#.##...##
# ###..........
#...≈≈≈≈≈....
#.≈≈≈...≈≈≈..
#.≈......≈≈≈≈
#....≈≈≈...≈≈
##..≈≈≈≈≈≈....


You could see Pikel and a lemure.

Vanquished Creatures
  A lemure (D:4)
  A scorpion (D:4)
  2 bullfrog skeletons (D:4)
  An orc wizard (D:3)
  A hound skeleton (D:4)
  3 gnolls (D:4)
  3 adders
  A worm (D:2)
  4 dart slugs
  9 orcs
  4 ball pythons
  2 endoplasms (D:1)
  2 giant cockroaches
  8 goblins
  4 hobgoblins
  5 jackals
  6 bats
  A frilled lizard (D:1)
  3 kobolds
  6 rats
67 creatures vanquished.

Vanquished Creatures (others)
  2 plants (D:1)
2 creatures vanquished.

Grand Total: 69 creatures vanquished

Notes
Turn   | Place    | Note
-------+----------+-------------------------------------------
     0 | D:1      | bromine the Troll Berserker began the quest for the Orb.
     0 | D:1      | Reached XP level 1. HP: 22/22 MP: 0/0
   234 | D:1      | Reached XP level 2. HP: 29/29 MP: 1/1
   437 | D:1      | Found a faded altar of an unknown god.
   868 | D:2      | Reached XP level 3. HP: 36/36 MP: 2/2
   882 | D:2      | Reached ** piety under Trog
  1270 | D:2      | You fall into a shaft and drop 2 floors!
  1304 | D:3      | Found a runed translucent gate.
  1304 | D:3      | Found a runed translucent gate.
  1304 | D:3      | Found a runed translucent gate.
  1317 | D:3      | Noticed tizbic2's ghost (amateur HOWn)
  1411 | D:3      | Reached skill level 4 in Unarmed Combat
  1411 | D:3      | Reached XP level 4. HP: 29/44 MP: 3/3
  2193 | D:4      | Reached XP level 5. HP: 46/53 MP: 4/4
  2250 | D:4      | Reached skill level 1 in Axes
  2291 | D:4      | Noticed a lemure
  2304 | D:4      | Killed a lemure
  2375 | D:4      | Reached XP level 6. HP: 61/61 MP: 5/5
  2381 | D:4      | Found a hide-covered altar of Uskayaw.
  2409 | D:4      | Noticed Pikel
  2414 | D:4      | Slain by Pikel

Illustrated notes

Levels and vault maps discovered:
D:1:      dpeg_arrival_simpleton_c, layout_basic,
          shapermc_ecumenical_altar_mp_urbaneastern
D:2:      layout_basic, grunt_ministairs_14
D:3:      layout_basic, biasface_ghost_orc_armoury, serial_glass,
          glass_columns_c, glass_columns_a, minmay_misc_feat_five
D:4:      layout_loops_ring, mainiacjoe_overflow_catch_the_wave,
          hangedman_abyss_or_decor_stagger, minmay_misc_feat_secret_circle,
          uniq_pikel

Skill      XL: |  1  2  3  4  5 |
---------------+----------------+-----
Dodging        | 3 |  3.4
Unarmed Combat | 4 |  4.4
Fighting       | 3 |  3.2
Axes           | 2 |  2.4
Stealth        | |  0.1

Action                   |  1- 3 |  4- 6 || total
-------------------------+-------+-------++-------
Melee: Unarmed           |   108 |       ||   108
       Punch             |     3 |     2 ||     5
       War axe           |       |    95 ||    95
Invok: Trog's Hand       |       |     2 ||     2
       Berserk           |       |     1 ||     1
Armor: Animal skin       |    41 |    62 ||   103
Dodge: Dodged            |    53 |    78 ||   131
